[ PARTIDA AOE2 · #494327904 ]
UnrankedBirmanos vs Bohemians
Equipo del jugador · VICT
Equipo rival · DERR
[ ANÁLISIS DE REPETICIÓN · EXTRAÍDO DE LA PARTIDA GRABADA ]
Feudal
9:53
Castillos
20:06
Imperial
—
| APM promedio | 81.2 |
| APM pico | 129 |
| eAPM promedio | 30.5 |
| Aldeanos / militares | 68 / 70 |
Foco
⚔️ 49.9% · 🌾 50.1%
Archer ×63 · Fishing Ship ×18 · Militia ×3 · Skirmisher ×2 · Cavalry Archer ×2
Feudal
10:59
Castillos
17:10
Imperial
—
| APM promedio | 60.0 |
| APM pico | 133 |
| eAPM promedio | 16.1 |
| Aldeanos / militares | 43 / 34 |
Foco
⚔️ 37.9% · 🌾 62.1%
Archer ×31 · Fishing Ship ×8 · Galley ×1 · Scorpion ×1 · Skirmisher ×1
Mapa de la partida
Recursos iniciales + cada clic de construcción. Líneas = muros · curvas = relieve. ◆ oro · ⬟ piedra · ● bayas · ✦ reliquia · ◌ hueco del cierre
Tu base· Abierta — flanco sin cerrar
Base de the_meatloaf___· Abierta — flanco sin cerrar
Terreno inicial suavizado · ◌ = hueco del cierre detectado · pasá el cursor para detalles
Inputs por minuto
— DS_Uruguayo - - the_meatloaf___
Build order — DS_Uruguayo
Primeras 150 de 224 acciones detectadas
| 0:01 | Crear | Villager (Male) |
| 0:01 | Crear | Villager (Male) |
| 0:02 | Construir | House |
| 0:03 | Construir | House |
| 0:08 | Crear | Villager (Male) |
| 0:08 | Crear | Villager (Male) |
| 0:08 | Crear | Villager (Male) |
| 1:21 | Crear | Villager (Male) |
| 1:27 | Construir | Lumber Camp |
| 1:55 | Crear | Villager (Male) |
| 1:55 | Crear | Villager (Male) |
| 2:32 | Investigar | Loom |
| 2:33 | Crear | Villager (Male) |
| 2:33 | Crear | Villager (Male) |
| 2:34 | Crear | Villager (Male) |
| 2:50 | Crear | Villager (Male) |
| 2:50 | Crear | Villager (Male) |
| 3:17 | Crear | Villager (Male) |
| 3:17 | Crear | Villager (Male) |
| 3:17 | Crear | Villager (Male) |
| 3:48 | Crear | Villager (Male) |
| 3:48 | Crear | Villager (Male) |
| 3:48 | Crear | Villager (Male) |
| 3:53 | Construir | House |
| 4:00 | Construir | Dock |
| 4:00 | Construir | Dock |
| 4:21 | Crear | Villager (Male) |
| 4:21 | Crear | Villager (Male) |
| 4:54 | Crear | Villager (Male) |
| 4:55 | Crear | Villager (Male) |
| 5:25 | Crear | Villager (Male) |
| 5:28 | Crear | Villager (Male) |
| 5:32 | Crear | Fishing Ship |
| 5:32 | Crear | Fishing Ship |
| 5:37 | Construir | Palisade Wall |
| 5:38 | Construir | Palisade Wall |
| 5:49 | Construir | House |
| 6:22 | Crear | Villager (Male) |
| 6:22 | Crear | Villager (Male) |
| 6:22 | Crear | Villager (Male) |
| 6:22 | Crear | Villager (Male) |
| 6:26 | Construir | House |
| 7:12 | Investigar | Loom |
| 7:26 | Construir | Barracks |
| 7:39 | Crear | Villager (Male) |
| 7:43 | Investigar | Feudal Age |
| 7:58 | Construir | House |
| 8:05 | Crear | Militia |
| 8:19 | Construir | Mining Camp |
| 8:26 | Crear | Militia |
| 8:43 | Construir | Palisade Wall |
| 8:52 | Crear | Militia |
| 8:58 | Crear | Villager (Male) |
| 9:02 | Construir | House |
| 9:05 | Construir | Palisade Wall |
| 9:13 | Crear | Fishing Ship |
| 9:45 | Crear | Villager (Male) |
| 9:53 | Edad | Edad Feudal |
| 9:54 | Construir | Archery Range |
| 9:56 | Investigar | Man-at-Arms (upgrade) |
| 9:56 | Investigar | Man-at-Arms (upgrade) |
| 10:16 | Crear | Villager (Male) |
| 10:18 | Crear | Fishing Ship |
| 10:18 | Crear | Fishing Ship |
| 10:36 | Crear | Villager (Male) |
| 10:52 | Crear | Archer |
| 10:56 | Crear | Villager (Male) |
| 10:59 | Crear | Fishing Ship |
| 11:17 | Crear | Villager (Male) |
| 11:18 | Crear | Archer |
| 11:21 | Crear | Villager (Male) |
| 11:35 | Crear | Archer |
| 11:42 | Construir | House |
| 11:45 | Construir | House |
| 11:51 | Construir | Blacksmith |
| 11:53 | Crear | Villager (Male) |
| 12:03 | Crear | Fishing Ship |
| 12:38 | Crear | Villager (Male) |
| 12:39 | Crear | Archer |
| 12:46 | Crear | Villager (Male) |
| 12:53 | Construir | Mill |
| 12:56 | Construir | Mill |
| 12:58 | Investigar | Fletching |
| 13:17 | Crear | Villager (Male) |
| 13:18 | Crear | Archer |
| 13:18 | Crear | Archer |
| 13:19 | Crear | Archer |
| 13:32 | Crear | Skirmisher |
| 13:52 | Crear | Villager (Male) |
| 13:53 | Crear | Archer |
| 14:01 | Construir | Dock |
| 14:11 | Crear | Archer |
| 14:11 | Crear | Villager (Male) |
| 14:29 | Crear | Villager (Male) |
| 14:30 | Crear | Fishing Ship |
| 14:30 | Crear | Fishing Ship |
| 14:39 | Construir | House |
| 14:39 | Construir | House |
| 14:43 | Construir | House |
| 14:44 | Construir | House |
| 14:52 | Crear | Archer |
| 14:53 | Crear | Villager (Male) |
| 15:07 | Crear | Archer |
| 15:07 | Crear | Archer |
| 15:18 | Crear | Villager (Male) |
| 15:22 | Construir | Archery Range |
| 15:26 | Construir | Archery Range |
| 15:29 | Construir | House |
| 15:30 | Construir | House |
| 15:49 | Crear | Villager (Male) |
| 15:50 | Crear | Archer |
| 16:11 | Construir | House |
| 16:11 | Construir | House |
| 16:12 | Construir | House |
| 16:20 | Crear | Villager (Male) |
| 16:23 | Crear | Fishing Ship |
| 16:23 | Crear | Fishing Ship |
| 16:28 | Crear | Villager (Male) |
| 16:29 | Crear | Archer |
| 16:30 | Crear | Archer |
| 16:33 | Crear | Villager (Male) |
| 16:37 | Crear | Archer |
| 16:37 | Crear | Archer |
| 16:42 | Crear | Villager (Male) |
| 16:55 | Construir | Market |
| 17:06 | Crear | Fishing Ship |
| 17:12 | Crear | Villager (Male) |
| 17:26 | Investigar | Castle Age |
| 17:26 | Investigar | Castle Age |
| 17:57 | Crear | Archer |
| 17:57 | Crear | Archer |
| 17:57 | Crear | Archer |
| 17:58 | Crear | Fishing Ship |
| 17:59 | Crear | Fishing Ship |
| 18:21 | Crear | Archer |
| 18:22 | Crear | Archer |
| 18:30 | Construir | House |
| 18:33 | Construir | House |
| 18:34 | Crear | Archer |
| 18:35 | Crear | Archer |
| 18:57 | Construir | Lumber Camp |
| 19:16 | Crear | Archer |
| 19:16 | Crear | Archer |
| 19:17 | Crear | Villager (Male) |
| 19:20 | Construir | Mining Camp |
| 19:27 | Crear | Archer |
| 19:27 | Crear | Archer |
| 19:34 | Construir | House |
| 19:35 | Construir | House |
| 19:48 | Crear | Fishing Ship |
Build order — the_meatloaf___
147 acciones detectadas en el replay
| 0:00 | Crear | Villager (Male) |
| 0:01 | Crear | Villager (Male) |
| 0:01 | Crear | Villager (Male) |
| 0:02 | Construir | House |
| 0:04 | Construir | House |
| 0:07 | Crear | Villager (Male) |
| 1:23 | Crear | Villager (Male) |
| 1:57 | Construir | Lumber Camp |
| 2:03 | Crear | Villager (Male) |
| 2:17 | Crear | Villager (Male) |
| 2:45 | Crear | Villager (Male) |
| 3:14 | Crear | Villager (Male) |
| 3:14 | Crear | Villager (Male) |
| 3:26 | Construir | House |
| 4:05 | Crear | Villager (Male) |
| 4:14 | Construir | Dock |
| 4:26 | Crear | Villager (Male) |
| 5:04 | Crear | Villager (Male) |
| 5:04 | Crear | Villager (Male) |
| 5:05 | Crear | Villager (Male) |
| 5:17 | Construir | House |
| 5:19 | Crear | Fishing Ship |
| 5:56 | Crear | Fishing Ship |
| 6:15 | Crear | Villager (Male) |
| 6:16 | Crear | Villager (Male) |
| 6:16 | Crear | Villager (Male) |
| 6:16 | Crear | Villager (Male) |
| 6:22 | Construir | House |
| 6:48 | Construir | Palisade Wall |
| 6:50 | Construir | Palisade Wall |
| 7:11 | Crear | Fishing Ship |
| 7:21 | Crear | Villager (Male) |
| 7:59 | Crear | Villager (Male) |
| 8:09 | Construir | Mining Camp |
| 8:17 | Investigar | Loom |
| 8:28 | Crear | Fishing Ship |
| 8:41 | Investigar | Feudal Age |
| 8:58 | Construir | Palisade Wall |
| 9:23 | Construir | Palisade Wall |
| 9:24 | Construir | Palisade Wall |
| 9:27 | Construir | Palisade Wall |
| 9:49 | Crear | Villager (Male) |
| 9:49 | Crear | Villager (Male) |
| 10:06 | Construir | Barracks |
| 10:28 | Construir | Palisade Wall |
| 10:31 | Construir | Palisade Wall |
| 10:59 | Edad | Edad Feudal |
| 11:02 | Crear | Villager (Male) |
| 11:03 | Crear | Villager (Male) |
| 11:05 | Construir | Archery Range |
| 11:24 | Construir | House |
| 11:27 | Construir | House |
| 11:33 | Crear | Galley |
| 11:42 | Construir | House |
| 12:02 | Crear | Archer |
| 12:21 | Construir | Blacksmith |
| 12:40 | Crear | Villager (Male) |
| 12:52 | Construir | Palisade Wall |
| 12:58 | Crear | Archer |
| 13:04 | Construir | Archery Range |
| 13:06 | Investigar | Fletching |
| 13:17 | Crear | Villager (Male) |
| 13:25 | Crear | Skirmisher |
| 13:28 | Construir | House |
| 14:28 | Crear | Archer |
| 14:28 | Crear | Archer |
| 14:30 | Investigar | Castle Age |
| 15:08 | Construir | Mill |
| 15:20 | Construir | Palisade Wall |
| 15:23 | Construir | Palisade Wall |
| 15:42 | Crear | Archer |
| 15:56 | Construir | Farm |
| 15:57 | Construir | Farm |
| 15:58 | Construir | Farm |
| 15:59 | Construir | Farm |
| 16:00 | Construir | Farm |
| 16:01 | Construir | Farm |
| 16:07 | Crear | Archer |
| 16:25 | Crear | Fishing Ship |
| 16:33 | Construir | Dock |
| 16:45 | Crear | Archer |
| 17:10 | Edad | Edad de los Castillos |
| 17:16 | Investigar | Bodkin Arrow |
| 17:18 | Crear | Villager (Male) |
| 17:58 | Crear | Villager (Male) |
| 17:58 | Crear | Villager (Male) |
| 18:00 | Investigar | Crossbowman (upgrade) |
| 18:00 | Crear | Archer |
| 18:00 | Crear | Archer |
| 18:29 | Crear | Archer |
| 18:29 | Crear | Archer |
| 18:29 | Crear | Archer |
| 18:34 | Crear | Villager (Male) |
| 18:34 | Crear | Villager (Male) |
| 18:49 | Construir | University |
| 18:54 | Crear | Archer |
| 18:54 | Crear | Archer |
| 19:06 | Construir | House |
| 19:38 | Crear | Archer |
| 19:38 | Crear | Archer |
| 19:44 | Construir | House |
| 19:53 | Crear | Archer |
| 19:53 | Crear | Archer |
| 19:56 | Crear | Fishing Ship |
| 19:56 | Crear | Fishing Ship |
| 19:59 | Investigar | Tech 906 |
| 20:25 | Construir | House |
| 20:31 | Crear | Villager (Male) |
| 20:31 | Crear | Villager (Male) |
| 20:52 | Investigar | Ballistics |
| 20:58 | Investigar | Padded Archer Armor |
| 21:34 | Crear | Archer |
| 21:35 | Crear | Archer |
| 21:35 | Crear | Villager (Male) |
| 21:35 | Crear | Villager (Male) |
| 21:38 | Investigar | Chemistry |
| 21:52 | Crear | Fishing Ship |
| 22:01 | Crear | Archer |
| 22:01 | Crear | Archer |
| 22:01 | Crear | Archer |
| 22:03 | Construir | House |
| 22:48 | Crear | Villager (Male) |
| 22:48 | Crear | Villager (Male) |
| 22:49 | Crear | Archer |
| 22:50 | Crear | Archer |
| 22:50 | Crear | Archer |
| 22:50 | Crear | Archer |
| 22:56 | Construir | House |
| 22:57 | Construir | House |
| 22:58 | Construir | House |
| 23:05 | Construir | Siege Workshop |
| 23:15 | Investigar | Leather Archer Armor |
| 23:30 | Construir | House |
| 23:31 | Construir | House |
| 23:34 | Construir | Palisade Wall |
| 23:45 | Crear | Archer |
| 23:45 | Crear | Archer |
| 23:45 | Crear | Archer |
| 23:46 | Crear | Villager (Male) |
| 23:47 | Crear | Villager (Male) |
| 23:52 | Investigar | Town Watch |
| 24:16 | Crear | Scorpion |
| 24:17 | Crear | Villager (Male) |
| 24:17 | Crear | Villager (Male) |
| 24:17 | Crear | Villager (Male) |
| 24:21 | Crear | Archer |
| 24:42 | Construir | Archery Range |
Cronología de la partida
| 4:00 | DS_Uruguayo · first_building Dock |
| 4:14 | the_meatloaf___ · first_building Dock |
| 5:37 | DS_Uruguayo · wall_segment Palisade Wall x1 |
| 5:38 | DS_Uruguayo · wall_segment Palisade Wall x1 |
| 6:48 | the_meatloaf___ · wall_segment Palisade Wall x1 |
| 6:50 | the_meatloaf___ · wall_segment Palisade Wall x1 |
| 7:26 | DS_Uruguayo · first_building Barracks |
| 8:43 | DS_Uruguayo · wall_segment Palisade Wall x1 |
| 8:58 | the_meatloaf___ · wall_segment Palisade Wall x4 |
| 9:05 | DS_Uruguayo · wall_segment Palisade Wall x6 |
| 9:23 | the_meatloaf___ · wall_segment Palisade Wall x1 |
| 9:24 | the_meatloaf___ · wall_segment Palisade Wall x1 |
| 9:27 | the_meatloaf___ · wall_segment Palisade Wall x1 |
| 9:53 | DS_Uruguayo · age_up feudal |
| 9:54 | DS_Uruguayo · first_building Archery Range |
| 10:06 | the_meatloaf___ · first_building Barracks |
| 10:28 | the_meatloaf___ · wall_segment Palisade Wall x1 |
| 10:31 | the_meatloaf___ · wall_segment Palisade Wall x1 |
| 10:59 | the_meatloaf___ · age_up feudal |
| 11:05 | the_meatloaf___ · first_building Archery Range |
| 12:52 | the_meatloaf___ · wall_segment Palisade Wall x1 |
| 15:20 | the_meatloaf___ · wall_segment Palisade Wall x1 |
| 15:23 | the_meatloaf___ · wall_segment Palisade Wall x11 |
| 17:10 | the_meatloaf___ · age_up castle |
| 20:06 | DS_Uruguayo · age_up castle |
| 20:59 | DS_Uruguayo · first_market_sell 100 food |
| 23:05 | the_meatloaf___ · first_building Siege Workshop |
| 23:34 | the_meatloaf___ · wall_segment Palisade Wall x8 |
| 24:19 | DS_Uruguayo · first_building Castle |
| 24:42 | DS_Uruguayo · first_building Siege Workshop |
| 25:20 | the_meatloaf___ · resign |
[ ANÁLISIS IA · 1 CRÉDITO ]
¿Qué pasó realmente en esta partida?
Wolo.gg analiza cada decisión: build order, eco, micro, errores típicos por bracket. Análisis personalizado por WhatsApp o Discord en 30 segundos.
Guía civ
Birmanos
Perfil
DS_Santi